 Dungeon Crawl Stone Soup version 0.21.1-1-g345015f (webtiles) character file.

1022 Merlin the Cudgeler (level 8, 0/62 HPs)
             Began as a Demonspawn Chaos Knight on June 18, 2018.
             Slain by a wight
             ... wielding a +3 long sword
              (6 damage)
             ... on level 6 of the Dungeon.
             The game lasted 00:25:27 (2992 turns).

Merlin the Cudgeler (Demonspawn Chaos Knight)       Turns: 2992, Time: 00:25:28

Health: 0/62       AC:  5    Str: 13    XL:     8   Next: 2%
Magic:  17/17      EV: 13    Int: 14    God:    Xom [....*.]
Gold:   381        SH:  0    Dex: 14    Spells: 7/7 levels left

rFire    . . .     SeeInvis .   a - +0 mace (chaos)
rCold    . . .     Gourm    .   (no shield)
rNeg     . . .     Faith    .   b - +2 leather armour
rPois    .         Spirit   .   (helmet restricted)
rElec    .         Reflect  .   (no cloak)
rCorr    .         Harm     .   (no gloves)
MR       .....     Clarity  +   (no boots)
Stlth    +.........             (no amulet)
HPRegen  0.20/turn              A - ring of magical power
MPRegen  0.15/turn              (no ring)

@: drained
A: claws 1, hooves 1, horns 2, clarity, demonic guardian 2, wild magic 1
a: Renounce Religion


You were on level 6 of the Dungeon.
You worshipped Xom.
You were a beloved toy of Xom.
You were not hungry.

You visited 1 branch of the dungeon, and saw 6 of its levels.

You collected 381 gold pieces.

Inventory:

Hand Weapons
 a - a +0 mace of chaos (weapon)
 e - a cursed +4 scimitar of freezing
 f - a +1 halberd of chopping
 u - a +1 dagger of venom
 v - a +0 vampiric dagger
 w - a +0 long sword
 C - a +4 hunting sling
Missiles
 D - 13 stones (quivered)
Armour
 b - a +2 leather armour (worn)
 k - a +0 shield
 y - a +0 scale mail
Magical Staves
 x - an uncursed staff of death
Jewellery
 p - an uncursed ring of fire
 A - a ring of magical power (left claw)
Wands
 i - a wand of disintegration (6)
 q - a wand of digging (6)
Scrolls
 d - 2 scrolls of teleportation
 h - 4 scrolls of remove curse
 m - a scroll of amnesia
 o - a scroll of random uselessness {unknown}
 s - a scroll of enchant weapon {unknown}
 z - a scroll of enchant armour {unknown}
 B - a scroll of identify
Potions
 j - 4 potions of lignification
 l - a potion of mutation
 n - a potion of curing {unknown}
 r - a potion of flight
Books
 t - a book of Misfortune

   Spells                             Type                      Level
   a - Confusing Touch                Hexes                        1
   b - Confuse                        Hexes                        3
   c - Gell's Gravitas                Translocation                3
   d - Petrify                        Transmutation/Earth          4
   e - Metabolic Englaciation         Hexes/Ice                    5
   f - Yara's Violent Unravelling     Hexes/Transmutation          5
Comestibles
 c - 5 rations


   Skills:
 + Level 5.3(5.2) Fighting
 + Level 6.3(6.2) Maces & Flails
 + Level 3.1 Armour
 + Level 3.1(3.0) Dodging
 + Level 1.7(1.6) Stealth
 + Level 1.1(1.0) Evocations


You had 7 spell levels left.
You didn't know any spells.

Dungeon Overview and Level Annotations

Branches:
Dungeon (6/15)
 Temple: D:4-7

Altars:
Fedhas


Innate Abilities, Weirdness & Mutations

You have sharp fingernails.
You have large cloven feet.
You have a pair of horns on your head.
A demonic guardian rushes to your aid.
You possess an exceptional clarity of mind.
Your spells are a little harder to cast, but a little more powerful.


Message History

Press: ? - help, Shift-Dir - straight line, f - wight
Aim: a wight, wielding an enchanted hand axe and wearing a robe (moderately damaged, chance to defeat MR: 68%)
The wight is blasted.
You blow up the wight!
Aiming: Disintegrate
Press: ? - help, Shift-Dir - straight line, f - wight
Aim: a wight, wielding a falchion and wearing a robe (chance to defeat MR: 70%)
The wight is blasted.
You blow up the wight!
You have reached level 8!
You feel agile.
Your demonic ancestry asserts itself...
Your fingernails lengthen.
Your smoke demon disappears in a puff of smoke!
You hit the wight but do no damage. You kick the wight, but do no damage.
The wight hits you with an enchanted long sword!
* * * LOW HITPOINT WARNING * * *
Unknown command.
You hit the wight but do no damage. Your headbutt misses the wight.
The wight hits you with an enchanted long sword.
You die...

..........# .##
..........### ..
......<.....#### ..
## ..........#....#
.# ..
..........####[##.#.#
#######.### #.)#...#
#.# ##..# #.# ##.#
#.# #@##.### #.#
#.z....# #.# ####.#.#
#.## # #..## ##..#
##.## #..# ##.#


You could see a wight.

Vanquished Creatures
  An ogre (D:5)
  A big kobold (D:5)
  A scorpion (D:5)
  2 wights (D:6)
  A howler monkey (D:4)
  A centaur zombie (D:6)
  2 hounds
  3 orc wizards
  A centaur skeleton (D:4)
  Ijyb (D:3)
  2 worker ants
  A hound skeleton (D:6)
  8 gnolls (D:5)
  4 adders
  A river rat (shapeshifter) (D:6)
  A shadow imp (D:5)
  A worm (D:5)
  A dart slug (D:1)
  A leopard gecko (shapeshifter) (D:2)
  16 orcs
  4 giant cockroaches
  29 goblins
  26 hobgoblins
  4 jackals (D:2)
  A quokka (D:2)
  4 bats
  3 frilled lizards
  8 kobolds
  2 leopard gecko skeletons
  3 rats
134 creatures vanquished.

Vanquished Creatures (collateral kills)
  An ogre (D:4)
  A big kobold (D:5)
  2 wights (D:6)
  An orc priest (D:4)
  A bullfrog skeleton (D:5)
  3 gnolls (D:5)
  An orc (D:5)
  2 hobgoblins (D:5)
  A kobold (D:3)
  2 goblins (D:5)
15 creatures vanquished.

Grand Total: 149 creatures vanquished

Notes
Turn   | Place    | Note
-------+----------+-------------------------------------------
     0 | D:1      | Merlin the Demonspawn Chaos Knight began the quest for the Orb.
     0 | D:1      | Reached XP level 1. HP: 18/18 MP: 1/1
    84 | D:1      | XOM: harmless Air miscast
    98 | D:1      | Reached skill level 3 in Maces & Flails
    99 | D:1      | Gained mutation: You have a pair of small horns on your head. [demonic ancestry]
    99 | D:1      | Reached XP level 2. HP: 15/24 MP: 2/2
   129 | D:1      | XOM: harmless Fire miscast
   332 | D:1      | Reached skill level 1 in Dodging
   467 | D:2      | XOM: confuse monster(s)
   481 | D:2      | Gained mutation: A weak demonic guardian rushes to your aid. [demonic ancestry]
   481 | D:2      | Reached XP level 3. HP: 28/29 MP: 3/3
   540 | D:2      | Found a blossoming altar of Fedhas.
   546 | D:2      | XOM: polymorph jackal -> leopard gecko
   607 | D:3      | Gained mutation: You have large cloven feet. [demonic ancestry]
   607 | D:3      | Reached XP level 4. HP: 26/35 MP: 4/4
   644 | D:3      | XOM: divination: detect creatures
   807 | D:3      | XOM: harmless Hex miscast
   815 | D:3      | Noticed Ijyb
   825 | D:3      | Killed Ijyb
   825 | D:3      | Reached skill level 4 in Maces & Flails
   883 | D:3      | XOM: cloud trail
  1143 | D:3      | Found a faded altar of an unknown god.
  1192 | D:3      | XOM: butterfly on damage
  1445 | D:3      | XOM: summons 2 hostile demons
  1553 | D:4      | Reached XP level 5. HP: 38/42 MP: 5/5
  1592 | D:4      | Noticed an ogre
  1601 | D:4      | Killed an ogre
  1626 | D:4      | XOM: harmless Air miscast
  1641 | D:4      | Gained mutation: You have a pair of horns on your head. [demonic ancestry]
  1641 | D:4      | Reached XP level 6. HP: 47/48 MP: 6/6
  1710 | D:4      | Reached skill level 1 in Stealth
  1746 | D:5      | Entered Level 5 of the Dungeon
  1794 | D:5      | XOM: cast spell 'Dispersal'
  1799 | D:5      | Reached skill level 5 in Maces & Flails
  1915 | D:5      | XOM: potion effect (berserk rage)
  2170 | D:5      | Gained mutation: A demonic guardian rushes to your aid. [demonic ancestry]
  2170 | D:5      | Reached XP level 7. HP: 51/55 MP: 7/7
  2329 | D:5      | HP: 1/55 [gnoll/spear (5)]
  2689 | D:5      | Reached skill level 5 in Fighting
  2701 | D:5      | Gained mutation: Your spells are a little easier to cast, but a little less powerful. [potion of mutation]
  2701 | D:5      | Lost mutation: Your spells are a little easier to cast, but a little less powerful. [potion of mutation]
  2701 | D:5      | Gained mutation: Your spells are a little harder to cast, but a little more powerful. [potion of mutation]
  2701 | D:5      | Gained mutation: You possess an exceptional clarity of mind. [potion of mutation]
  2754 | D:5      | XOM: mild Conj miscast
  2802 | D:6      | XOM: cleaving
  2807 | D:6      | Reached skill level 6 in Maces & Flails
  2976 | D:6      | Reached skill level 1 in Evocations
  2989 | D:6      | Gained mutation: You have sharp fingernails. [demonic ancestry]
  2989 | D:6      | Reached XP level 8. HP: 18/62 MP: 8/8
  2992 | D:6      | Slain by a wight

Skill      XL: |  1  2  3  4  5  6  7 |
---------------+----------------------+-----
Maces & Flails | 3 4 5 6 |  6.3
Dodging        | 1 2 3 |  3.1
Armour         | 2 3 |  3.1
Fighting       | 4 5 |  5.3
Stealth        | 1 |  1.7
Evocations     | 1 |  1.1

Action                   |  1- 3 |  4- 6 |  7- 9 || total
-------------------------+-------+-------+-------++-------
Melee: Mace              |   110 |   156 |    89 ||   355
       Headbutt          |     7 |    22 |    11 ||    40
       Kick              |       |    27 |    17 ||    44
Evoke: Wand              |       |     2 |     9 ||    11
  Use: Scroll            |     3 |     6 |     1 ||    10
       Potion            |       |     1 |     4 ||     5
 Stab: Distracted        |     1 |       |       ||     1
       Paralysed         |       |       |     1 ||     1
       Sleeping          |       |       |     1 ||     1
  Eat: Chunk             |       |     2 |       ||     2
       Ration            |       |     1 |     1 ||     2
Armor: Leather armour    |    33 |    34 |    11 ||    78
Dodge: Dodged            |    73 |    98 |    51 ||   222
